Map: Eternal Empire LE

Players

Pinard

  • Race: Terran Terran
  • League: Master
  • Spawn Location: 7:00

ProbeScout - Winner!

  • Race: Protoss Protoss
  • League: Diamond
  • Spawn Location: 1:00

VOD

Have the link to the VOD?

Description

Time

  • Played on: Sept. 29, 2020, 2:11 p.m.
  • Length: 17:33
Show
View Real Time Build Order
Export as new Build Order

Pinard Terran 

Build Orders:  

Get SALT Encoding   

  12  0:00  SCV  
  13  0:12  SCV  
  14  0:17  Supply Depot  
  14  0:24  SCV  
  15  0:30  Refinery  
  15  0:39  SCV  
  16  0:45  Barracks  
  16  0:51  SCV  
  17  1:01  Supply Depot  
  17  1:07  SCV  
  18  1:19  SCV  
  19  1:36  Bunker  
  19  1:41  Marine  
  20  1:48  SCV  
  21  1:54  Supply Depot  
  21  2:11  Factory  
  21  2:12  SCV  
  22  2:16  Supply Depot  
  22  2:17  Marine  
  23  2:27  Orbital Command  
  23  2:37  Marine  
  23  2:38  Bunker  
  24  2:46  Bunker  
  24  2:54  Starport  
  24  2:55  Marine  
  25  2:59  Hellion  
  25  3:02  SCV  
  28  3:07  Supply Depot  
  28  3:15  Refinery  
  28  3:18  Marine  
  30  3:24  Hellion  
  31  3:36  Medivac  
  33  3:42  Marine  
  33  3:46  Hellion  
  36  3:53  SCV  
  37  4:05  Command Center  
  37  4:06  Marine  
  40  4:17  Widow Mine  
  43  4:27  SCV  
  44  4:38  Widow Mine  
  44  4:43  Viking  
  41  4:54  SCV  
  41  4:55  Marine  
  43  5:02  Widow Mine  
  45  5:18  Barracks  
  45  5:20  SCV  
  46  5:23  Widow Mine  
  46  5:28  Viking  
  48  5:31  Supply Depot  
  48  5:33  Barracks, Engineering Bay  
  48  5:38  Orbital Command  
  48  5:51  Barracks Tech Lab  
  48  5:53  SCV  
  48  6:07  Barracks Reactor  
  48  6:08  SCV  
  48  6:10  Stimpack  
  48  6:12  Terran Infantry Weapons Level 1, SCV  
  48  6:20  SCV  
  48  6:21  Barracks  
  48  6:24  SCV  
  50  6:33  Barracks Reactor  
  50  6:36  SCV x2  
  50  6:38  Starport  
  52  6:45  Marine x2  
  54  6:48  SCV  
  54  6:53  Armory, SCV  
  56  7:03  Marine x2  
  56  7:08  Supply Depot, SCV  
  59  7:10  Barracks Reactor  
  59  7:11  Marine  
  56  7:20  Marine  
  56  7:21  Marine  
  58  7:26  Marine  
  58  7:27  SCV  
  58  7:28  Starport Reactor  
  58  7:33  SCV  
  57  7:38  Marine  
  57  7:40  Marine x2  
  57  7:43  Refinery, Marine, SCV  
  59  7:51  Marine  
  59  7:53  Starport Reactor  
  59  7:54  Marine  
  59  7:55  SCV  
  61  7:58  SCV  
  59  8:07  SCV  
  59  8:08  Medivac x2  
  59  8:11  Marine  
  59  8:12  Marine  
  59  8:19  SCV  
  57  8:25  Marine  
  55  8:31  SCV  
  56  8:37  Medivac, Marine x2  
  58  8:43  SCV  
  59  8:51  SCV  
  59  8:55  SCV  
  61  8:58  Terran Infantry Weapons Level 2  
  59  9:06  Barracks Tech Lab  
  55  9:13  Marine x2  
  50  9:18  Marine x2  
  50  9:19  Marine x2  
  54  9:31  Marine x2  
  54  9:36  Marine  
  57  9:39  Command Center, Marine x2  
  57  9:43  Combat Shield  
  57  9:44  SCV  
  60  9:49  Refinery  
  60  9:50  Marine  
  59  9:56  Marine, SCV  
  59  9:58  SCV  
  60  10:08  SCV  
  60  10:09  Marine  
  62  10:15  Barracks  
  62  10:16  SCV  
  62  10:18  Barracks  
  62  10:20  Marine x2, SCV  
  66  10:25  Marine  
  67  10:30  Marine x2  
  67  10:31  Marine  
  67  10:32  SCV  
  71  10:38  Marine  
  71  10:45  SCV  
  66  11:00  Marine  
  66  11:01  Marine x4  
  66  11:02  Viking x2, Marine  
  72  11:06  Marine x2  
  69  11:17  Orbital Command  
  68  11:18  Marine  
  68  11:19  Marine x3  
  68  11:24  Marine x2  
  72  11:35  Viking  
  72  11:36  Marine, SCV  
  72  11:37  Marine  
  78  11:44  Supply Depot  
  78  11:48  SCV  
  77  11:55  Supply Depot  
  77  11:56  Supply Depot  
  77  11:57  Marauder  
  77  12:00  Marine  
  61  12:37  SCV  
  61  12:38  SCV  
  60  12:49  SCV  
  60  12:50  Barracks Tech Lab x2  
  62  12:52  Starport Reactor  
  62  12:53  Barracks Tech Lab  
  62  12:55  Barracks  
  62  12:56  Barracks  
  51  13:05  Marauder  
  49  13:09  Barracks  
  49  13:10  Barracks  
  49  13:12  Refinery  
  49  13:17  Refinery  
  49  13:25  Marauder  
  49  13:26  Marauder, Marine  
  54  13:30  Marine  
  55  13:34  SCV  
  56  13:42  Marine x2  
  56  13:45  Barracks  
  56  13:46  Marine x2  
  56  13:48  Command Center, Marine  
  61  13:51  Command Center  
  61  13:53  Concussive Shells  
  61  13:58  Refinery  
  61  14:00  Marine  
  61  14:01  Marine  
  64  14:04  Marine x2, Barracks Tech Lab  
  64  14:05  Marine, Barracks Tech Lab  
  64  14:08  Supply Depot  
  64  14:09  Supply Depot  
  66  14:18  Marine x2  
  66  14:22  Marine x2  
  66  14:24  Marauder  
  72  14:26  Medivac  
  72  14:28  Marine  
  75  14:31  Marine  
  75  14:35  Marine  
  75  14:36  Marine x2  
  79  14:40  Marauder x2  
  79  14:43  Terran Infantry Weapons Level 3  
  79  14:45  Marine, SCV  
  85  14:47  Marine  
  86  14:54  Supply Depot  
  86  14:56  Marine  
  86  14:57  Marine x2  
  85  15:05  Unknown  
  84  15:08  Orbital Command  
  84  15:17  SCV  
  84  15:18  SCV  
  84  15:21  Orbital Command  
  86  15:30  Starport, Marine  
  83  15:43  Marauder, Marine  
  83  15:47  Marine x2  
  58  16:01  Marauder, Marine x2  
  56  16:04  Marine  
  56  16:10  Marine  
  57  16:11  Marine  
  57  16:13  SCV  
  57  16:15  Marine  
  59  16:21  Marine  
  60  16:25  SCV  
  60  16:26  Marine  
  62  16:36  Marine  
  61  16:49  SCV  
  61  16:54  Barracks  
  61  16:56  Barracks, Marine  
  61  16:57  Marauder  
  64  17:09  Marine x3  
  64  17:14  Marine  
  54  17:25  Factory Tech Lab  
Show
View Real Time Build Order
Export as new Build Order

ProbeScout Protoss - Winner!

Build Orders:  

Get SALT Encoding   

  12  0:00  Probe (Chrono Boost)  
  13  0:10  Probe (Chrono Boost)  
  14  0:18  Pylon  
  14  0:21  Probe  
  15  0:36  Probe  
  15  0:38  Forge  
  16  0:48  Probe  
  17  0:54  Pylon  
  17  1:16  Photon Cannon  
  17  1:17  Gateway  
  17  1:24  Photon Cannon  
  17  1:31  Pylon  
  17  1:32  Probe (Chrono Boost)  
  17  1:42  Assimilator  
  17  1:44  Probe (Chrono Boost)  
  18  1:48  Assimilator  
  18  1:50  Probe (Chrono Boost)  
  19  1:59  Probe  
  20  2:06  Zealot  
  22  2:11  Probe (Chrono Boost)  
  23  2:15  Cybernetics Core  
  24  2:23  Probe (Chrono Boost)  
  24  2:30  Probe (Chrono Boost)  
  25  2:38  Probe  
  26  2:50  Probe  
  27  2:54  Stargate, Adept  
  29  2:59  Shield Battery  
  29  3:07  Shield Battery  
  29  3:11  Pylon  
  29  3:17  Probe  
  30  3:26  Shield Battery  
  30  3:30  Void Ray (Chrono Boost)  
  34  3:46  Photon Cannon  
  34  3:54  Photon Cannon  
  33  4:17  Fleet Beacon  
  33  4:21  Probe  
  34  4:57  Tempest (Chrono Boost)  
  34  5:04  Pylon  
  39  5:22  Nexus  
  39  5:33  Tempest  
  44  5:49  Stargate  
  44  5:54  Probe  
  45  6:03  Pylon  
  45  6:23  Tempest (Chrono Boost)  
  50  6:37  Tempest (Chrono Boost)  
  50  6:39  Photon Cannon  
  55  6:41  Probe  
  55  6:46  Assimilator  
  56  6:53  Probe  
  57  7:05  Tempest (Chrono Boost)  
  57  7:06  Probe  
  63  7:18  Probe (Chrono Boost)  
  63  7:19  Pylon  
  64  7:23  Shield Battery  
  64  7:29  Probe (Chrono Boost)  
  65  7:30  Tempest (Chrono Boost)  
  65  7:35  Probe (Chrono Boost)  
  71  7:44  Probe  
  71  7:48  Assimilator  
  71  7:49  Pylon  
  72  8:10  Tempest  
  77  8:21  Probe  
  77  8:22  Robotics Facility  
  77  8:26  Warp Gate  
  78  8:33  Probe  
  79  8:39  Tempest  
  84  8:46  Probe  
  85  8:58  Probe  
  85  8:59  Pylon  
  81  9:05  Photon Cannon  
  81  9:07  Probe  
  82  9:10  Probe  
  83  9:19  Probe  
  83  9:22  Probe  
  85  9:28  Observer (Chrono Boost)  
  85  9:29  Robotics Bay  
  86  9:39  Shield Battery  
  86  9:40  Pylon  
  86  9:49  Pylon  
  86  9:59  Observer (Chrono Boost)  
  87  10:19  Extended Thermal Lance (Chrono Boost)  
  87  10:20  Colossus (Chrono Boost)  
  93  10:28  Nexus  
  93  10:29  Pylon, Probe  
  93  10:32  Pylon  
  94  10:37  Sentry  
  77  11:11  Colossus (Chrono Boost)  
  83  11:25  Pylon  
  83  11:26  Probe  
  84  11:43  Tempest  
  95  11:54  Colossus (Chrono Boost)  
  95  12:14  Nexus  
  95  12:15  Pylon  
  83  12:34  Colossus (Chrono Boost)  
  52  12:52  Probe  
  48  13:05  Probe x2  
  50  13:08  Cybernetics Core  
  50  13:09  Void Ray (Chrono Boost)  
  50  13:10  Forge  
  50  13:17  Probe x2  
  56  13:23  Colossus (Chrono Boost)  
  62  13:31  Probe (Chrono Boost)  
  62  13:33  Probe x2 (Chrono Boost), Unknown  
  66  13:41  Probe (Chrono Boost)  
  66  13:42  Void Ray (Chrono Boost)  
  66  13:44  Probe x2 (Chrono Boost)  
  71  13:51  Probe, Unknown  
  72  13:59  Photon Cannon  
  72  14:01  Shield Battery  
  72  14:04  Void Ray (Chrono Boost), Probe (Chrono Boost)  
  74  14:13  Probe (Chrono Boost)  
  78  14:19  Protoss Air Weapons Level 1 (Chrono Boost)  
  78  14:20  Probe (Chrono Boost)  
  78  14:22  Probe (Chrono Boost)  
  78  14:23  Protoss Ground Weapons Level 1 (Chrono Boost)  
  80  14:31  Probe  
  80  14:47  Shield Battery, Pylon  
  80  14:49  Colossus  
  80  14:51  Probe  
  87  15:00  Sentry  
  87  15:01  Probe x2  
  87  15:03  Probe  
  87  15:05  Void Ray  
  92  15:13  Probe x2  
  98  15:15  Probe  
  99  15:23  Void Ray  
  99  15:30  Nexus  
  99  15:31  Sentry  
  105  15:43  Void Ray  
  99  16:00  Void Ray  
  93  16:05  Probe  
  93  16:06  Probe  
  93  16:07  Probe  
  93  16:09  Immortal (Chrono Boost)  
  100  16:17  Probe  
  100  16:18  Pylon  
  105  16:19  Pylon  
  105  16:20  Probe  
  106  16:31  Unknown  
  106  16:39  Probe  
  107  16:43  Photon Cannon  
  107  16:44  Probe  
  107  16:45  Photon Cannon  
  114  16:47  Shield Battery  
  114  16:49  Shield Battery  
  114  16:55  Probe  
  114  17:01  Probe  
  111  17:10  Pylon  
  111  17:13  Probe  
  111  17:14  Pylon  
  112  17:19  Probe  
Tags
 
Add a new tag
Caveats
  • Supply blocks, unpowered buildings, or Contaminate may cause inaccurate times.
  • Supply counts are checked every 10 seconds.